 Dungeon Crawl Stone Soup version 0.26.0-10-g1f06aea511 (webtiles) character file.

Game seed: 12082367915178130311

12048 Borgoz the Carver (level 11, -2/99 HPs)
             Began as a Ghoul Gladiator on Jan 15, 2021.
             Was a High Priest of Okawaru.
             Slain by p0werm0de's ghost (17 damage)
             ... on level 9 of the Dungeon on Jan 16, 2021.
             The game lasted 00:29:28 (14094 turns).

Borgoz the Carver (Ghoul Gladiator)                Turns: 14094, Time: 00:29:28

Health: -2/99      AC: 17    Str: 19    XL:     11   Next: 87%
Magic:  11/13      EV: 20    Int:  3    God:    Okawaru [*****.]
Gold:   686        SH:  0    Dex: 13    Spells: 7/10 levels left

rFire    . . .     SeeInvis .   t - +2 scimitar (flame)
rCold    + . .     Faith    .   (no shield)
rNeg     + + +     Spirit   .   B - +1 acid dragon scales
rPois    ∞         Reflect  .   c - +1 helmet
rElec    .         Harm     .   (no cloak)
rCorr    +         Rampage  .   z - +0 pair of gloves
Will     .....                  i - +1 pair of boots
Stlth    ++++......             (no amulet)
HPRegen  0.00/turn              g - ring of stealth
MPRegen  0.13/turn              o - ring of stealth

@: heroism, hasted, very quick
A: claws 1, cold resistance 1, negative energy resistance 3, inhibited
regeneration, torment resistance, unbreathing
a: Renounce Religion, Heroism, Finesse


You were on level 9 of the Dungeon.
You worshipped Okawaru.
Okawaru was extremely pleased with you.
You visited 1 branch of the dungeon, and saw 11 of its levels.
You also visited: Bailey.

You collected 686 gold pieces.

Inventory:

Hand Weapons
 b - a +7 great sword
 t - a +2 scimitar of flaming (weapon)
Missiles
 d - 7 throwing nets (quivered)
Armour
 c - a +1 helmet (worn)
 i - a +1 pair of boots (worn)
 z - a +0 pair of gloves (worn)
 B - +1 acid dragon scales (worn)
Jewellery
 e - an uncursed ring of fire
 g - a ring of stealth (left hand)
 o - a ring of stealth (right hand)
Wands
 a - a wand of paralysis (10)
 v - a wand of iceblast (5)
 w - a wand of acid (25)
 A - a wand of disintegration (19)
Scrolls
 h - 4 scrolls of remove curse
 j - 2 scrolls of fear {unknown}
 p - 3 scrolls of teleportation
Potions
 f - 3 potions of flight
 q - a potion of brilliance
 r - a potion of haste


   Skills:
 + Level 9.8(14.8) Fighting
 + Level 9.9(14.9) Long Blades
 - Level 3.5(8.5) Throwing
 + Level 8.7(13.7) Armour
 + Level 8.6(13.6) Dodging
 - Level 5.0 Invocations


You had 7 spell levels left.
You knew the following spells:

 Your Spells              Type           Power        Failure   Level
a - Confusing Touch       Hex            0%           91%         3

Your spell library contained the following spells:

 Spells                   Type           Power        Failure   Level
 Animate Skeleton         Necr           0%           58%         1
 Apportation              Tloc           0%           58%         1
 Corona                   Hex            0%           58%         1
 Magic Dart               Conj           0%           58%         1
 Summon Small Mammal      Summ           0%           58%         1
 Searing Ray              Conj           0%           73%         2
 Slow                     Hex            0%           73%         2
 Dazzling Flash           Conj/Hex       0%           91%         3
 Gell's Gravitas          Tloc           0%           91%         3
 Inner Flame              Hex/Fire       0%           91%         3
 Portal Projectile        Hex/Tloc       0%           91%         3
 Cause Fear               Hex            0%           100%        4
 Fulminant Prism          Conj/Hex       0%           100%        4
 Iskenderun's Mystic Bla  Conj/Tloc      0%           100%        4
 Leda's Liquefaction      Hex/Erth       0%           100%        4
 Petrify                  Tmut/Erth      0%           100%        4
 Metabolic Englaciation   Hex/Ice        0%           100%        5
 Yara's Violent Unravell  Hex/Tmut       0%           100%        5


Dungeon Overview and Level Annotations

Branches:
Dungeon (11/15)            Temple (0/1) D:7             Orc (0/2) D:10
 Bailey (visited)
   Lair: D:8-11

Altars:
Ashenzari
Cheibriados
Elyvilon
Gozag
Makhleb
Nemelex Xobeh
Okawaru
Qazlal
Zin

Shops:
D:10 !

Annotations:
D:8 exclusion: ice statue
D:9 p0werm0de's ghost, journeyman MiFi
D:11 Maurice


Innate Abilities, Weirdness & Mutations

You thrive by killing the living.
You are immune to poison.
You have sharp fingernails.
Your flesh is cold resistant. (rC+)
You are immune to negative energy. (rN+++)
You do not regenerate when monsters are visible.
You are immune to unholy pain and torment.
You can survive without breathing.


Message History

You feel yourself speed up. P0werm0de's ghost closely misses you.
You hit p0werm0de's ghost. You burn p0werm0de's ghost.
P0werm0de's ghost is heavily damaged.
You hit p0werm0de's ghost. You burn p0werm0de's ghost.
P0werm0de's ghost is heavily damaged.
P0werm0de's ghost barely misses you.
You hit p0werm0de's ghost. You burn p0werm0de's ghost.
P0werm0de's ghost is heavily damaged.
P0werm0de's ghost closely misses you.
You gain the combat prowess of a mighty hero.
You hit p0werm0de's ghost but do no damage.
P0werm0de's ghost is heavily damaged.
P0werm0de's ghost hits you.
* * * LOW HITPOINT WARNING * * *
You slash p0werm0de's ghost! You burn p0werm0de's ghost.
P0werm0de's ghost is severely damaged.
You hit p0werm0de's ghost but do no damage.
P0werm0de's ghost is severely damaged.
P0werm0de's ghost hits you!
You die...

.##...........#.#.##+#...#..#....
.##......................#..#..##
.##..............................
...............##.##.#.#.#..#..##
###...###.#......................
#..........#...................
#...###......................##
###........#.#.##.##.............
................@.##...#.##.#..##
#.#......#.#.#.##W##...........#
#.#......#.#.#.##.##...#.##.#..#
#.#...####.#.#.....#......#.#..#
#.#...####.#.#..#..............#
#.##.........................^.##
#.##............#.##...##.#......
#...............#.##...##.#......
#<##.#####.#.#....##......#......


You could see p0werm0de's ghost.

Vanquished Creatures
  2 two-headed ogres
  Urug (D:10)
  Pikel (D:7)
  Joseph (D:7)
  Maggie (D:7)
  A troll (D:9)
  Prince Ribbit (D:7)
  2 centaur simulacra (D:9)
  2 wyverns
  Grum (D:8)
  3 yaks
  Edmund (D:6)
  A spectral hornet (D:8)
  A water moccasin (D:8)
  6 ice beasts
  3 black bears
  4 orc warriors
  2 phantoms
  3 sky beasts
  6 ogres
  5 wolves
  4 centaurs
  2 big kobolds
  9 bullfrogs
  A wyvern zombie (D:10)
  9 gnoll sergeants
  2 scorpions (D:7)
  6 wights
  2 howler monkeys
  A spectral centaur (D:9)
  2 bullfrog zombies
  17 orc wizards
  11 hounds
  3 jellies
  2 quasits (D:7)
  A bullfrog skeleton (D:6)
  6 gnoll shamans (Bailey)
  3 orc priests
  A centaur skeleton (D:5)
  11 worker ants
  Ijyb (D:3)
  Terence (D:2)
  An iguana (D:8)
  2 bullfrog simulacra (D:9)
  2 worker ant zombies
  Robin (D:3)
  17 gnolls
  13 adders
  2 shadow imps (D:6)
  2 adder zombies (D:8)
  An adder skeleton (D:5)
  5 worms
  2 dart slugs (D:1)
  5 leopard geckos
  52 orcs
  3 ball pythons
  9 giant cockroaches
  11 goblins
  7 hobgoblins
  15 jackals
  10 quokkas
  7 bats
  6 frilled lizards
  15 kobolds
  A quokka zombie (D:5)
  8 rats
340 creatures vanquished.

Vanquished Creatures (others)
  An orc (D:7)
1 creature vanquished.

Grand Total: 341 creatures vanquished

Notes
Turn   | Place    | Note
-------+----------+-------------------------------------------
     0 | D:1      | Borgoz the Ghoul Gladiator began the quest for the Orb.
     0 | D:1      | Reached XP level 1. HP: 17/17 MP: 0/0
   209 | D:1      | Reached XP level 2. HP: 25/25 MP: 1/1
   650 | D:1      | Reached XP level 3. HP: 29/30 MP: 2/2
  1026 | D:2      | Noticed Terence
  1040 | D:2      | Killed Terence
  1041 | D:2      | Reached XP level 4. HP: 28/38 MP: 3/3
  1868 | D:2      | Found an opulent altar of Gozag.
  1868 | D:2      | Found a sparkling altar of Nemelex Xobeh.
  2043 | D:3      | Noticed Ijyb
  2061 | D:3      | Killed Ijyb
  2062 | D:3      | Reached XP level 5. HP: 45/45 MP: 4/4
  2322 | D:3      | You fall into a shaft and drop 3 floors!
  2424 | D:6      | Found a snail-covered altar of Cheibriados.
  2504 | D:5      | Entered Level 5 of the Dungeon
  2526 | D:5      | Reached XP level 6. HP: 39/52 MP: 5/5
  2618 | D:5      | Noticed an ice beast
  3498 | D:3      | Found a white marble altar of Elyvilon.
  3726 | D:3      | Noticed Robin
  3737 | D:3      | Killed Robin
  3842 | D:4      | Got a slimy ring mail
  3853 | D:4      | Identified the +2 ring mail "Coplen" {rN++ Str+5 Int-4}
                  | (You found it on level 4 of the Dungeon)
  3853 | D:4      | Lost intelligence.
  3903 | D:4      | Reached XP level 7. HP: 64/64 MP: 6/6
  4147 | D:5      | Reached XP level 8. HP: 62/71 MP: 7/7
  5039 | D:5      | Found a glowing silver altar of Zin.
  5608 | D:6      | Noticed Edmund
  5645 | D:6      | Killed Edmund
  5837 | D:6      | Reached XP level 9. HP: 29/79 MP: 8/8
  6710 | D:6      | Found an iron altar of Okawaru.
  6711 | D:6      | Found a white marble altar of Elyvilon.
  6716 | D:6      | Became a worshipper of Warmaster Okawaru
  7051 | D:7      | Found a staircase to the Ecumenical Temple.
  7208 | D:7      | Reached skill level 1 in Invocations
  7284 | D:7      | Noticed Prince Ribbit
  7789 | D:7      | Noticed Joseph
  7813 | D:7      | Killed Joseph
  7813 | D:7      | Reached * piety under Okawaru
  7814 | D:7      | Reached XP level 10. HP: 22/88 MP: 10/10
  8100 | D:7      | Found a snail-covered altar of Cheibriados.
  8256 | D:7      | Noticed Maggie
  8270 | D:7      | Killed Prince Ribbit
  8277 | D:7      | Killed Maggie
  8277 | D:7      | Reached ** piety under Okawaru
  8825 | D:8      | Noticed Grum
  8876 | D:8      | Noticed Pikel
  8919 | D:7      | Killed Pikel
  8936 | D:8      | Killed Grum
  8936 | D:8      | Reached *** piety under Okawaru
  9037 | D:8      | Found a flagged portal.
  9131 | Bailey   | Entered a bailey
 10168 | D:8      | Reached XP level 11. HP: 94/95 MP: 11/13
 10388 | D:8      | Found a burning altar of Makhleb.
 10836 | D:9      | Learned a level 3 spell: Confusing Touch
 10930 | D:9      | Found a runed translucent gate.
 10931 | D:9      | Found a runed translucent gate.
 10932 | D:9      | Found a runed translucent gate.
 10945 | D:9      | Found a broken altar of Ashenzari.
 10963 | D:9      | Reached **** piety under Okawaru
 11172 | D:9      | Noticed a two-headed ogre
 11182 | D:9      | Killed a two-headed ogre
 11313 | D:9      | Found a stormy altar of Qazlal.
 11912 | D:9      | Noticed p0werm0de's ghost (journeyman MiFi)
 11935 | D:10     | Entered Level 10 of the Dungeon
 12056 | D:10     | Noticed Urug
 12057 | D:10     | Found Uvvuoxte's Distillery.
 12072 | D:10     | Killed Urug
 12073 | D:10     | Reached skill level 5 in Invocations
 12606 | D:10     | Noticed a two-headed ogre
 12630 | D:10     | Killed a two-headed ogre
 12630 | D:10     | Reached ***** piety under Okawaru
 12763 | D:10     | Received a gift from Okawaru
 12983 | D:10     | Found a staircase to the Orcish Mines.
 13027 | D:11     | Noticed a cyan ugly thing
 13268 | D:11     | Noticed Maurice
 13273 | D:11     | Noticed a cyclops
 14094 | D:9      | Slain by p0werm0de's ghost

Illustrated notes

Levels and vault maps discovered:
D:1:      wander_arrival_abandoned_jail, layout_rooms
D:2:      layout_loops_ring, grunt_temple_overflow_opulence, serial_rivers,
          chequers_serial_rivers_micro_e, chequers_serial_rivers_room_b,
          chequers_serial_rivers_room_a, chequers_serial_rivers_micro_c,
          uniq_terence
D:3:      layout_loops_ring, chequers_garden, elyvilon_altar_1, uniq_ijyb,
          uniq_robin
D:4:      layout_cave_pools
D:5:      layout_basic, nicolae_overflow_hidden_temple
D:6:      layout_basic, gammafunk_temple_overflow_statue, basic_altar,
          uniq_edmund
D:7:      layout_loops_ring, cheibrodos_worm_habitat, lemuel_temple_firewalk_b,
          uniq_maggie, uniq_joseph, uniq_prince_ribbit1
D:8:      cheibrodos_frozen_isle, layout_cave_pools,
          lemuel_coloured_pillars_altar, enter_bailey_6, kennysheep_nondescript,
          uniq_pikel, uniq_grum
D:9:      layout_basic, cheibrodos_ashenzari_chains, old_standard_altar,
          gammafunk_ghost_necromancy
D:10:     layout_basic, hiddenorc1_lemuel, serial_shops,
          nicolae_shop_window_shopping, uniq_urug
D:11:     layout_loops_cross, erik_lair_island, blue_anna_alchemist
          [blue_anna_fruit_fields, blue_anna_fruit_fields], uniq_harold,
          uniq_maurice

Skill      XL: |  1  2  3  4  5  6  7  8  9 10 11 |
---------------+----------------------------------+-----
Throwing       | 2 3 |  3.5
Dodging        | 3 6 7 8 |  8.6
Long Blades    | 3 7 8 9 |  9.9
Fighting       | 3 6 7 8 9 |  9.8
Armour         | 6 7 8 |  8.7
Invocations    | 2 4 5 |  5.0

Action                   |  1- 3 |  4- 6 |  7- 9 | 10-12 || total
-------------------------+-------+-------+-------+-------++-------
Melee: Long sword        |    95 |   247 |   153 |       ||   495
       Scimitar          |       |       |   160 |   611 ||   771
       Punch             |       |       |       |     2 ||     2
Throw: Throwing net      |       |       |     7 |       ||     7
Invok: Heroism           |       |       |       |     4 ||     4
  Use: Scroll            |       |     9 |       |    11 ||    20
       Potion            |       |     1 |     3 |     6 ||    10
 Stab: Sleeping          |     3 |    10 |    13 |    12 ||    38
       Held in net/web   |       |       |     2 |       ||     2
       Invisible         |       |       |       |     1 ||     1
Armor: Leather armour    |    47 |    70 |    81 |    11 ||   209
       Acid dragon scale |       |       |       |   305 ||   305
Dodge: Dodged            |    80 |   171 |   204 |   649 ||  1104
       Rpst.: Long sword |    20 |    57 |    22 |       ||    99
       Scimitar          |       |       |    35 |   167 ||   202
